[ PARTIDA AOE2 · #481585128 ]
UnrankedCoreanos vs Ethiopians
[ ANÁLISIS DE REPETICIÓN · EXTRAÍDO DE LA PARTIDA GRABADA ]
Feudal
11:41
Castillos
20:12
Imperial
43:35
| APM promedio | 14.8 |
| APM pico | 33 |
| eAPM promedio | 12.8 |
| Aldeanos / militares | 156 / 444 |
Foco
⚔️ 38.9% · 🌾 61.1%
Scout Cavalry ×140 · Spearman ×103 · Skirmisher ×99 · War Wagon ×58 · Iron Pagoda ×25 · Unknown (1260) ×20
Feudal
11:15
Castillos
21:32
Imperial
35:04
| APM promedio | 15.6 |
| APM pico | 36 |
| eAPM promedio | 10.6 |
| Aldeanos / militares | 166 / 233 |
Foco
⚔️ 44.8% · 🌾 55.2%
Skirmisher ×130 · Hand Cannoneer ×55 · Hussite Wagon ×33 · Spearman ×5 · Trebuchet (Packed) ×5 · Monk ×3
Feudal
12:21
Castillos
20:17
Imperial
35:16
| APM promedio | 8.3 |
| APM pico | 33 |
| eAPM promedio | 6.3 |
| Aldeanos / militares | 74 / 146 |
Foco
⚔️ 45.6% · 🌾 54.4%
Archer ×93 · Spearman ×44 · Shotel Warrior ×8 · Monk ×1
Feudal
13:22
Castillos
21:10
Imperial
35:51
| APM promedio | 19.0 |
| APM pico | 70 |
| eAPM promedio | 12.1 |
| Aldeanos / militares | 111 / 244 |
Foco
⚔️ 52.7% · 🌾 47.3%
Genoese Crossbowman ×233 · Unknown (882) ×86 · Spearman ×9 · Trebuchet (Packed) ×2
Feudal
12:18
Castillos
20:50
Imperial
41:12
| APM promedio | 16.3 |
| APM pico | 71 |
| eAPM promedio | 12.9 |
| Aldeanos / militares | 184 / 276 |
Foco
⚔️ 43.5% · 🌾 56.5%
Samurai ×264 · Trade Cart ×31 · Spearman ×7 · Trebuchet (Packed) ×3 · Monk ×2
Feudal
14:17
Castillos
18:12
Imperial
35:31
| APM promedio | 29.0 |
| APM pico | 68 |
| eAPM promedio | 16.3 |
| Aldeanos / militares | 217 / 504 |
Foco
⚔️ 24.1% · 🌾 75.9%
Scout Cavalry ×287 · Knight ×182 · Trade Cart ×52 · Hand Cannoneer ×32 · Spearman ×3
Feudal
13:48
Castillos
24:22
Imperial
33:59
| APM promedio | 18.5 |
| APM pico | 50 |
| eAPM promedio | 14.3 |
| Aldeanos / militares | 126 / 394 |
Foco
⚔️ 58.4% · 🌾 41.6%
Steppe Lancer ×228 · Scout Cavalry ×166
Feudal
14:09
Castillos
24:01
Imperial
33:06
| APM promedio | 24.5 |
| APM pico | 99 |
| eAPM promedio | 9.2 |
| Aldeanos / militares | 92 / 176 |
Foco
⚔️ 50.4% · 🌾 49.6%
Knight ×90 · Skirmisher ×52 · Cavalry Archer ×13 · Tarkan ×8 · Spearman ×8 · Trebuchet (Packed) ×5
Mapa de la partida
Recursos iniciales + cada clic de construcción. Líneas = muros · curvas = relieve. ◆ oro · ⬟ piedra · ● bayas · ✦ reliquia · ◌ hueco del cierre
Tu base· Abierta — flanco sin cerrar
Base de 老歪· Abierta — hueco de 3t
Base de 张小邪· Abierta — flanco sin cerrar
Base de Source Code· Abierta — flanco sin cerrar
Base de 小马哥· Abierta — flanco sin cerrar
Base de LG· Abierta — flanco sin cerrar
Base de 远方是何方· Abierta — flanco sin cerrar
Base de linnan0123· Abierta — flanco sin cerrar
Terreno inicial suavizado · ◌ = hueco del cierre detectado · pasá el cursor para detalles
Inputs por minuto
— LQuan - - 老歪
Build order — LQuan
Primeras 150 de 573 acciones detectadas
| 0:01 | Crear | Villager (Male) |
| 0:02 | Crear | Villager (Male) |
| 0:02 | Crear | Villager (Male) |
| 0:07 | Construir | House |
| 0:13 | Construir | House |
| 0:23 | Crear | Villager (Male) |
| 1:35 | Crear | Villager (Male) |
| 2:11 | Crear | Villager (Male) |
| 2:36 | Crear | Villager (Male) |
| 2:36 | Crear | Villager (Male) |
| 2:54 | Crear | Villager (Male) |
| 3:19 | Crear | Villager (Male) |
| 3:38 | Construir | House |
| 3:54 | Construir | Lumber Camp |
| 3:56 | Crear | Villager (Male) |
| 4:11 | Crear | Villager (Male) |
| 4:39 | Crear | Villager (Male) |
| 5:21 | Crear | Villager (Male) |
| 5:24 | Investigar | Loom |
| 6:03 | Construir | House |
| 6:05 | Crear | Villager (Male) |
| 6:05 | Crear | Villager (Male) |
| 6:05 | Crear | Villager (Male) |
| 6:27 | Construir | Mill |
| 6:32 | Crear | Villager (Male) |
| 6:33 | Crear | Villager (Male) |
| 7:11 | Construir | Farm |
| 7:27 | Crear | Villager (Male) |
| 7:27 | Crear | Villager (Male) |
| 7:44 | Construir | House |
| 7:45 | Construir | House |
| 7:47 | Construir | House |
| 7:49 | Construir | House |
| 7:54 | Crear | Villager (Male) |
| 7:54 | Crear | Villager (Male) |
| 7:55 | Crear | Villager (Male) |
| 8:22 | Construir | House |
| 8:30 | Crear | Villager (Male) |
| 8:42 | Crear | Villager (Male) |
| 8:43 | Crear | Villager (Male) |
| 9:13 | Investigar | Feudal Age |
| 10:02 | Construir | Barracks |
| 10:13 | Construir | Farm |
| 10:24 | Construir | Farm |
| 10:26 | Crear | Villager (Male) |
| 10:27 | Crear | Villager (Male) |
| 11:32 | Crear | Villager (Male) |
| 11:32 | Crear | Villager (Male) |
| 11:41 | Edad | Edad Feudal |
| 11:47 | Investigar | Double-Bit Axe |
| 11:50 | Investigar | Horse Collar |
| 11:58 | Construir | Market |
| 12:04 | Crear | Villager (Male) |
| 12:05 | Crear | Villager (Male) |
| 12:05 | Crear | Villager (Male) |
| 12:20 | Construir | Mining Camp |
| 12:27 | Crear | Villager (Male) |
| 12:28 | Crear | Villager (Male) |
| 12:48 | Crear | Villager (Male) |
| 12:58 | Crear | Villager (Male) |
| 13:08 | Construir | Farm |
| 13:10 | Construir | Farm |
| 13:29 | Construir | House |
| 13:33 | Crear | Villager (Male) |
| 14:22 | Construir | Farm |
| 14:23 | Construir | Farm |
| 14:25 | Construir | Farm |
| 14:27 | Construir | Farm |
| 14:28 | Construir | Farm |
| 14:30 | Construir | Farm |
| 14:36 | Crear | Villager (Male) |
| 14:49 | Construir | Blacksmith |
| 15:00 | Construir | House |
| 15:05 | Construir | House |
| 15:07 | Construir | House |
| 15:16 | Crear | Villager (Male) |
| 15:16 | Crear | Villager (Male) |
| 15:31 | Construir | Farm |
| 15:34 | Construir | Farm |
| 15:37 | Crear | Villager (Male) |
| 15:52 | Crear | Villager (Male) |
| 15:53 | Crear | Villager (Male) |
| 16:02 | Construir | Farm |
| 16:12 | Construir | Farm |
| 16:15 | Crear | Villager (Male) |
| 16:20 | Construir | Farm |
| 16:50 | Construir | House |
| 16:53 | Crear | Villager (Male) |
| 17:02 | Construir | Farm |
| 17:03 | Construir | Farm |
| 17:09 | Construir | Farm |
| 17:14 | Construir | Farm |
| 17:29 | Investigar | Castle Age |
| 17:59 | Construir | Mining Camp |
| 18:14 | Crear | Spearman |
| 18:15 | Crear | Spearman |
| 18:15 | Crear | Spearman |
| 18:16 | Crear | Spearman |
| 18:44 | Investigar | Stone Mining |
| 18:44 | Investigar | Gold Mining |
| 19:04 | Investigar | Fletching |
| 19:17 | Construir | Lumber Camp |
| 19:51 | Crear | Spearman |
| 19:52 | Crear | Spearman |
| 19:52 | Crear | Spearman |
| 19:52 | Crear | Spearman |
| 19:53 | Crear | Spearman |
| 19:54 | Crear | Spearman |
| 20:12 | Edad | Edad de los Castillos |
| 20:14 | Crear | Villager (Male) |
| 20:14 | Crear | Villager (Male) |
| 20:14 | Crear | Villager (Male) |
| 20:15 | Crear | Villager (Male) |
| 20:15 | Crear | Villager (Male) |
| 20:32 | Construir | Town Center |
| 20:45 | Investigar | Bow Saw |
| 20:51 | Crear | Villager (Male) |
| 21:07 | Investigar | Heavy Plow |
| 21:34 | Investigar | Scale Barding Armor |
| 21:46 | Crear | Villager (Male) |
| 21:58 | Crear | Villager (Male) |
| 21:59 | Crear | Villager (Male) |
| 22:17 | Crear | Villager (Male) |
| 22:44 | Construir | House |
| 22:48 | Investigar | Pikeman (upgrade) |
| 23:07 | Investigar | Forging |
| 23:19 | Construir | House |
| 23:21 | Construir | House |
| 23:44 | Construir | Castle |
| 23:57 | Investigar | Wheelbarrow |
| 24:00 | Crear | Villager (Male) |
| 24:00 | Crear | Villager (Male) |
| 24:01 | Crear | Villager (Male) |
| 24:01 | Crear | Villager (Male) |
| 24:45 | Investigar | Town Watch |
| 24:46 | Crear | Villager (Male) |
| 24:46 | Crear | Villager (Male) |
| 24:46 | Crear | Villager (Male) |
| 25:09 | Crear | War Wagon |
| 25:10 | Crear | War Wagon |
| 25:11 | Crear | War Wagon |
| 25:11 | Crear | War Wagon |
| 25:11 | Crear | War Wagon |
| 25:12 | Crear | War Wagon |
| 25:23 | Construir | Stable |
| 25:34 | Crear | War Wagon |
| 25:37 | Crear | Villager (Male) |
| 25:37 | Crear | Villager (Male) |
| 26:00 | Construir | Barracks |
| 26:04 | Crear | Villager (Male) |
Build order — 老歪
Primeras 150 de 312 acciones detectadas
| 0:03 | Crear | Villager (Male) ×4 |
| 0:04 | Investigar | Loom |
| 0:09 | Construir | House |
| 0:10 | Construir | House |
| 0:15 | Construir | House |
| 1:41 | Crear | Villager (Male) |
| 3:08 | Crear | Villager (Male) |
| 3:09 | Crear | Villager (Male) |
| 3:23 | Construir | Lumber Camp |
| 4:15 | Crear | Villager (Male) |
| 4:15 | Crear | Villager (Male) |
| 4:16 | Crear | Villager (Male) |
| 4:16 | Crear | Villager (Male) |
| 4:22 | Construir | House |
| 5:28 | Crear | Villager (Male) |
| 6:37 | Crear | Villager (Male) |
| 6:39 | Crear | Villager (Male) |
| 7:05 | Construir | Mill |
| 7:07 | Crear | Villager (Male) |
| 7:21 | Construir | House |
| 7:24 | Construir | Barracks |
| 8:08 | Crear | Villager (Male) |
| 8:08 | Crear | Villager (Male) |
| 9:05 | Investigar | Feudal Age |
| 9:23 | Construir | Lumber Camp |
| 10:07 | Construir | House |
| 10:12 | Construir | Mining Camp |
| 10:52 | Crear | Villager (Male) |
| 11:06 | Construir | Farm |
| 11:08 | Construir | Farm |
| 11:10 | Construir | Farm |
| 11:15 | Edad | Edad Feudal |
| 11:17 | Investigar | Wheelbarrow |
| 11:58 | Investigar | Double-Bit Axe |
| 12:11 | Construir | Mill |
| 12:22 | Crear | Villager (Male) |
| 12:44 | Construir | Farm |
| 12:46 | Construir | Farm |
| 12:47 | Construir | Farm |
| 12:49 | Construir | Farm |
| 13:08 | Crear | Villager (Male) |
| 13:16 | Investigar | Horse Collar |
| 13:32 | Crear | Villager (Male) |
| 14:44 | Construir | Mining Camp |
| 14:47 | Crear | Villager (Male) ×5 |
| 15:07 | Crear | Spearman ×5 |
| 15:30 | Construir | Market |
| 15:43 | Construir | Blacksmith |
| 16:09 | Construir | House |
| 16:11 | Construir | House |
| 16:13 | Construir | House |
| 16:41 | Construir | House |
| 16:43 | Construir | House |
| 16:49 | Crear | Villager (Male) |
| 17:10 | Crear | Villager (Male) |
| 18:02 | Crear | Villager (Male) |
| 18:02 | Crear | Villager (Male) |
| 18:28 | Construir | House |
| 18:30 | Construir | House |
| 18:31 | Construir | House |
| 18:41 | Investigar | Castle Age |
| 19:26 | Investigar | Fletching |
| 19:35 | Investigar | Forging |
| 19:40 | Investigar | Scale Mail Armor |
| 19:57 | Construir | Farm |
| 20:10 | Construir | House |
| 20:14 | Crear | Villager (Male) |
| 21:30 | Construir | Farm |
| 21:32 | Construir | Farm |
| 21:32 | Edad | Edad de los Castillos |
| 21:34 | Construir | Farm |
| 21:36 | Construir | Farm |
| 21:37 | Construir | Farm |
| 21:38 | Construir | Farm |
| 21:51 | Construir | Town Center |
| 22:02 | Construir | Town Center |
| 22:07 | Investigar | Bodkin Arrow |
| 22:13 | Construir | Farm |
| 22:22 | Crear | Villager (Male) ×5 |
| 22:30 | Investigar | Bow Saw |
| 23:15 | Construir | Palisade Wall |
| 23:23 | Construir | House |
| 23:26 | Construir | House |
| 23:28 | Construir | House |
| 23:30 | Construir | House |
| 23:32 | Construir | House |
| 23:33 | Construir | House |
| 23:52 | Crear | Villager (Male) ×5 |
| 24:39 | Crear | Villager (Male) ×5 |
| 24:46 | Investigar | Hand Cart |
| 25:06 | Crear | Villager (Male) |
| 25:07 | Crear | Villager (Male) |
| 25:07 | Crear | Villager (Male) |
| 25:22 | Construir | Lumber Camp |
| 25:54 | Crear | Villager (Male) |
| 25:54 | Crear | Villager (Male) |
| 25:54 | Crear | Villager (Male) |
| 26:06 | Construir | Farm |
| 26:11 | Construir | Farm |
| 26:12 | Construir | Farm |
| 26:16 | Construir | Farm |
| 26:17 | Construir | Farm |
| 26:20 | Construir | Farm |
| 26:25 | Investigar | Heavy Plow |
| 26:33 | Crear | Villager (Male) |
| 26:34 | Crear | Villager (Male) |
| 26:38 | Crear | Villager (Male) |
| 26:39 | Crear | Villager (Male) |
| 27:14 | Construir | University |
| 27:19 | Construir | Monastery |
| 27:24 | Crear | Villager (Male) ×5 |
| 27:40 | Construir | Castle |
| 27:48 | Crear | Villager (Male) ×5 |
| 27:58 | Construir | House |
| 28:01 | Construir | House |
| 28:03 | Construir | House |
| 28:04 | Construir | House |
| 29:32 | Construir | Mining Camp |
| 29:40 | Crear | Villager (Male) ×5 |
| 29:41 | Crear | Villager (Male) ×5 |
| 29:48 | Construir | House |
| 29:49 | Construir | House |
| 29:50 | Construir | House |
| 30:04 | Construir | House |
| 30:05 | Construir | House |
| 30:08 | Construir | House |
| 30:22 | Construir | Monastery |
| 30:32 | Investigar | Wagenburg Tactics |
| 31:47 | Construir | Archery Range |
| 31:48 | Construir | Archery Range |
| 31:50 | Construir | Archery Range |
| 31:54 | Investigar | Imperial Age |
| 32:01 | Construir | House |
| 32:02 | Construir | House |
| 32:03 | Construir | House |
| 32:44 | Crear | Hussite Wagon ×5 |
| 33:25 | Investigar | Elite Skirmisher (upgrade) |
| 33:26 | Crear | Skirmisher ×5 |
| 33:38 | Investigar | Treadmill Crane |
| 33:38 | Investigar | Ballistics |
| 33:39 | Investigar | Chemistry |
| 33:44 | Investigar | Murder Holes |
| 33:59 | Construir | Archery Range |
| 34:22 | Crear | Villager (Male) ×5 |
| 34:23 | Crear | Villager (Male) ×5 |
| 34:35 | Crear | Hussite Wagon ×3 |
| 35:04 | Edad | Edad Imperial |
| 35:08 | Crear | Monk |
| 35:28 | Construir | Palisade Wall |
| 35:42 | Construir | House |
Build order — 张小邪
Primeras 150 de 314 acciones detectadas
| 0:13 | Construir | House |
| 0:14 | Construir | House |
| 0:16 | Construir | House |
| 0:22 | Investigar | Loom |
| 0:29 | Crear | Villager (Male) |
| 0:29 | Crear | Villager (Male) |
| 0:30 | Crear | Villager (Male) |
| 0:30 | Crear | Villager (Male) |
| 1:59 | Construir | Mill |
| 2:44 | Crear | Villager (Male) |
| 2:44 | Crear | Villager (Male) |
| 3:14 | Crear | Villager (Male) |
| 3:39 | Crear | Villager (Male) |
| 3:56 | Crear | Villager (Male) |
| 4:28 | Crear | Villager (Male) |
| 4:28 | Crear | Villager (Male) |
| 5:02 | Crear | Villager (Male) |
| 5:02 | Crear | Villager (Male) |
| 5:23 | Crear | Villager (Male) |
| 5:23 | Crear | Villager (Male) |
| 6:36 | Construir | Mill |
| 6:44 | Crear | Villager (Male) |
| 6:44 | Crear | Villager (Male) |
| 6:45 | Crear | Villager (Male) |
| 6:45 | Crear | Villager (Male) |
| 6:45 | Crear | Villager (Male) |
| 7:54 | Construir | House |
| 7:56 | Construir | House |
| 8:55 | Construir | Barracks |
| 9:20 | Crear | Villager (Male) |
| 9:21 | Crear | Villager (Male) |
| 9:59 | Construir | Lumber Camp |
| 10:11 | Investigar | Feudal Age |
| 12:19 | Construir | House |
| 12:21 | Construir | House |
| 12:21 | Edad | Edad Feudal |
| 12:24 | Crear | Villager (Male) |
| 12:25 | Crear | Villager (Male) |
| 12:25 | Crear | Villager (Male) |
| 12:57 | Construir | Lumber Camp |
| 13:13 | Construir | Mining Camp |
| 13:28 | Construir | Market |
| 13:31 | Crear | Villager (Male) |
| 13:32 | Crear | Villager (Male) |
| 13:32 | Crear | Villager (Male) |
| 13:33 | Crear | Villager (Male) |
| 13:49 | Construir | House |
| 13:54 | Construir | Farm |
| 14:25 | Construir | Farm |
| 15:42 | Construir | Farm |
| 15:43 | Construir | Farm |
| 15:45 | Construir | Farm |
| 15:55 | Crear | Villager (Male) |
| 15:55 | Crear | Villager (Male) |
| 16:08 | Construir | Mining Camp |
| 16:25 | Construir | Farm |
| 16:37 | Construir | Archery Range |
| 17:16 | Construir | Farm |
| 17:24 | Investigar | Double-Bit Axe |
| 17:37 | Investigar | Castle Age |
| 18:23 | Construir | Blacksmith |
| 18:35 | Investigar | Horse Collar |
| 18:51 | Investigar | Stone Mining |
| 18:52 | Investigar | Gold Mining |
| 19:16 | Construir | Archery Range |
| 19:20 | Construir | Archery Range |
| 20:16 | Crear | Archer |
| 20:16 | Crear | Archer |
| 20:17 | Crear | Archer |
| 20:17 | Crear | Archer |
| 20:17 | Edad | Edad de los Castillos |
| 20:18 | Crear | Archer |
| 20:18 | Crear | Archer |
| 20:18 | Crear | Archer |
| 20:18 | Crear | Archer |
| 20:18 | Crear | Archer |
| 20:22 | Crear | Villager (Male) |
| 20:23 | Crear | Villager (Male) |
| 20:23 | Crear | Villager (Male) |
| 20:23 | Crear | Villager (Male) |
| 20:24 | Crear | Villager (Male) |
| 20:24 | Crear | Villager (Male) |
| 20:24 | Crear | Villager (Male) |
| 20:25 | Crear | Villager (Male) |
| 20:25 | Crear | Villager (Male) |
| 20:56 | Construir | Castle |
| 21:09 | Investigar | Thumb Ring |
| 21:33 | Construir | Monastery |
| 22:14 | Construir | Farm |
| 22:23 | Investigar | Crossbowman (upgrade) |
| 22:40 | Construir | University |
| 22:44 | Crear | Monk |
| 23:05 | Construir | Farm |
| 23:07 | Construir | Farm |
| 23:46 | Construir | Town Center |
| 24:10 | Construir | House |
| 24:12 | Construir | House |
| 24:13 | Construir | House |
| 24:55 | Construir | Town Center |
| 25:07 | Investigar | Bow Saw |
| 25:13 | Construir | Farm |
| 25:20 | Crear | Villager (Male) |
| 25:21 | Crear | Villager (Male) |
| 25:21 | Crear | Villager (Male) |
| 25:40 | Crear | Shotel Warrior |
| 25:40 | Crear | Shotel Warrior |
| 25:41 | Crear | Shotel Warrior |
| 25:41 | Crear | Shotel Warrior |
| 25:41 | Crear | Shotel Warrior |
| 25:42 | Crear | Shotel Warrior |
| 25:42 | Crear | Shotel Warrior |
| 25:42 | Crear | Shotel Warrior |
| 26:21 | Investigar | Squires |
| 26:22 | Crear | Spearman |
| 26:45 | Construir | Farm |
| 26:47 | Construir | Farm |
| 26:55 | Crear | Villager (Male) |
| 27:25 | Construir | House |
| 27:27 | Construir | House |
| 27:40 | Crear | Spearman |
| 27:41 | Crear | Spearman |
| 27:47 | Crear | Villager (Male) |
| 27:48 | Crear | Villager (Male) |
| 27:48 | Crear | Villager (Male) |
| 28:10 | Crear | Archer |
| 28:10 | Crear | Archer |
| 28:10 | Crear | Archer |
| 28:10 | Crear | Archer |
| 28:11 | Crear | Archer |
| 28:11 | Crear | Archer |
| 28:11 | Crear | Archer |
| 28:12 | Crear | Archer |
| 28:12 | Crear | Archer |
| 28:12 | Crear | Archer |
| 28:12 | Crear | Archer |
| 28:13 | Crear | Archer |
| 28:13 | Crear | Archer |
| 28:13 | Crear | Archer |
| 28:14 | Crear | Archer |
| 28:14 | Crear | Archer |
| 31:49 | Construir | Farm |
| 32:00 | Construir | Lumber Camp |
| 32:06 | Investigar | Imperial Age |
| 32:17 | Crear | Villager (Male) |
| 32:17 | Crear | Villager (Male) |
| 32:18 | Crear | Villager (Male) |
| 32:35 | Construir | Archery Range |
| 32:37 | Construir | Archery Range |
| 32:40 | Construir | Archery Range |
| 32:46 | Construir | Archery Range |
Build order — Source Code
Primeras 150 de 583 acciones detectadas
| 0:01 | Crear | Villager (Male) |
| 0:02 | Crear | Villager (Male) |
| 0:02 | Crear | Villager (Male) |
| 0:02 | Crear | Villager (Male) |
| 0:35 | Construir | House |
| 0:37 | Construir | House |
| 0:38 | Construir | House |
| 1:51 | Crear | Villager (Male) |
| 2:04 | Construir | House |
| 2:54 | Crear | Villager (Male) |
| 2:55 | Crear | Villager (Male) |
| 2:55 | Crear | Villager (Male) |
| 3:40 | Crear | Villager (Male) |
| 4:14 | Crear | Villager (Male) |
| 4:29 | Crear | Villager (Male) |
| 4:43 | Crear | Villager (Male) |
| 4:49 | Investigar | Loom |
| 5:06 | Construir | Lumber Camp |
| 5:15 | Crear | Villager (Male) |
| 5:29 | Crear | Villager (Male) |
| 6:13 | Construir | Mill |
| 6:17 | Crear | Villager (Male) |
| 6:17 | Crear | Villager (Male) |
| 6:31 | Crear | Villager (Male) |
| 6:31 | Crear | Villager (Male) |
| 7:03 | Crear | Villager (Male) |
| 7:03 | Crear | Villager (Male) |
| 8:15 | Crear | Villager (Male) |
| 8:16 | Crear | Villager (Male) |
| 8:30 | Crear | Villager (Male) |
| 8:44 | Construir | House |
| 8:45 | Construir | House |
| 8:52 | Construir | Barracks |
| 9:00 | Construir | Lumber Camp |
| 9:04 | Crear | Villager (Male) |
| 9:50 | Crear | Villager (Male) |
| 9:51 | Crear | Villager (Male) |
| 10:10 | Construir | Mining Camp |
| 10:35 | Construir | Mining Camp |
| 10:52 | Construir | House |
| 10:53 | Construir | House |
| 10:56 | Construir | House |
| 11:12 | Investigar | Feudal Age |
| 12:40 | Construir | Farm |
| 12:42 | Construir | Farm |
| 12:44 | Construir | Farm |
| 12:47 | Construir | Farm |
| 12:49 | Construir | Farm |
| 12:51 | Construir | Farm |
| 12:54 | Construir | Farm |
| 13:22 | Edad | Edad Feudal |
| 13:23 | Crear | Spearman |
| 13:23 | Crear | Spearman |
| 13:24 | Crear | Spearman |
| 13:24 | Crear | Spearman |
| 13:30 | Investigar | Double-Bit Axe |
| 13:33 | Investigar | Horse Collar |
| 14:04 | Crear | Villager (Male) |
| 14:04 | Crear | Villager (Male) |
| 14:05 | Crear | Villager (Male) |
| 14:17 | Construir | Archery Range |
| 14:43 | Construir | Blacksmith |
| 14:51 | Crear | Spearman |
| 14:51 | Crear | Spearman |
| 14:52 | Crear | Spearman |
| 14:54 | Construir | Farm |
| 15:01 | Construir | Farm |
| 15:14 | Construir | House |
| 15:16 | Construir | House |
| 15:18 | Construir | House |
| 15:27 | Construir | Farm |
| 15:35 | Crear | Villager (Male) |
| 15:35 | Crear | Villager (Male) |
| 15:36 | Crear | Villager (Male) |
| 15:46 | Construir | House |
| 15:47 | Construir | House |
| 15:59 | Crear | Villager (Male) |
| 15:59 | Crear | Villager (Male) |
| 16:03 | Construir | Farm |
| 16:35 | Construir | Farm |
| 16:43 | Crear | Spearman |
| 16:46 | Crear | Spearman |
| 16:52 | Construir | House |
| 16:54 | Construir | House |
| 17:07 | Construir | Farm |
| 17:18 | Construir | Farm |
| 17:40 | Crear | Villager (Male) |
| 17:41 | Crear | Villager (Male) |
| 18:26 | Investigar | Castle Age |
| 18:36 | Construir | Farm |
| 18:46 | Investigar | Stone Mining |
| 18:50 | Investigar | Gold Mining |
| 20:03 | Investigar | Fletching |
| 20:06 | Investigar | Forging |
| 20:25 | Investigar | Wheelbarrow |
| 21:10 | Edad | Edad de los Castillos |
| 21:32 | Construir | Castle |
| 22:02 | Construir | Town Center |
| 22:17 | Crear | Villager (Male) |
| 22:17 | Crear | Villager (Male) |
| 22:18 | Crear | Villager (Male) |
| 22:19 | Crear | Villager (Male) |
| 22:22 | Investigar | Heavy Plow |
| 23:02 | Investigar | Squires |
| 23:54 | Crear | Villager (Male) |
| 23:55 | Crear | Villager (Male) |
| 23:55 | Crear | Villager (Male) |
| 24:09 | Construir | Farm |
| 24:11 | Construir | Farm |
| 24:16 | Construir | Farm |
| 24:54 | Crear | Genoese Crossbowman |
| 24:55 | Crear | Genoese Crossbowman |
| 24:55 | Crear | Genoese Crossbowman |
| 25:01 | Crear | Villager (Male) |
| 25:01 | Crear | Villager (Male) |
| 25:02 | Crear | Villager (Male) |
| 25:02 | Crear | Villager (Male) |
| 25:03 | Crear | Villager (Male) |
| 25:03 | Crear | Villager (Male) |
| 25:22 | Crear | Villager (Male) |
| 25:22 | Crear | Villager (Male) |
| 25:23 | Crear | Villager (Male) |
| 25:24 | Crear | Villager (Male) |
| 25:24 | Crear | Villager (Male) |
| 25:25 | Crear | Villager (Male) |
| 25:25 | Crear | Villager (Male) |
| 25:33 | Construir | Farm |
| 25:37 | Crear | Villager (Male) |
| 25:37 | Crear | Villager (Male) |
| 25:38 | Crear | Villager (Male) |
| 25:38 | Crear | Villager (Male) |
| 25:57 | Crear | Villager (Male) |
| 25:57 | Crear | Villager (Male) |
| 25:58 | Crear | Villager (Male) |
| 25:58 | Crear | Villager (Male) |
| 25:58 | Crear | Villager (Male) |
| 26:15 | Construir | Town Center |
| 27:08 | Crear | Genoese Crossbowman |
| 27:08 | Crear | Genoese Crossbowman |
| 27:08 | Crear | Genoese Crossbowman |
| 27:09 | Crear | Genoese Crossbowman |
| 27:09 | Crear | Genoese Crossbowman |
| 28:18 | Investigar | Bodkin Arrow |
| 28:18 | Investigar | Padded Archer Armor |
| 28:32 | Crear | Genoese Crossbowman |
| 28:32 | Crear | Genoese Crossbowman |
| 28:32 | Crear | Genoese Crossbowman |
| 28:33 | Crear | Genoese Crossbowman |
| 28:34 | Crear | Genoese Crossbowman |
| 28:34 | Crear | Genoese Crossbowman |
Build order — 小马哥
Primeras 150 de 666 acciones detectadas
| 0:07 | Crear | Villager (Male) |
| 0:07 | Crear | Villager (Male) |
| 0:07 | Crear | Villager (Male) |
| 0:08 | Crear | Villager (Male) |
| 0:08 | Crear | Villager (Male) |
| 0:10 | Investigar | Loom |
| 0:21 | Construir | House |
| 0:22 | Construir | House |
| 0:23 | Construir | House |
| 2:17 | Crear | Villager (Male) |
| 2:33 | Crear | Villager (Male) |
| 2:33 | Crear | Villager (Male) |
| 3:07 | Crear | Villager (Male) |
| 3:22 | Crear | Villager (Male) |
| 3:37 | Crear | Villager (Male) |
| 4:04 | Crear | Villager (Male) |
| 4:38 | Crear | Villager (Male) |
| 4:38 | Crear | Villager (Male) |
| 4:53 | Construir | Mill |
| 5:17 | Crear | Villager (Male) |
| 6:08 | Construir | House |
| 6:09 | Construir | House |
| 6:10 | Construir | House |
| 6:48 | Crear | Villager (Male) |
| 6:49 | Crear | Villager (Male) |
| 6:50 | Crear | Villager (Male) |
| 6:50 | Crear | Villager (Male) |
| 6:58 | Crear | Villager (Male) |
| 7:33 | Construir | Mining Camp |
| 7:43 | Construir | Lumber Camp |
| 7:49 | Crear | Villager (Male) |
| 7:50 | Crear | Villager (Male) |
| 7:50 | Crear | Villager (Male) |
| 8:48 | Crear | Villager (Male) |
| 8:48 | Crear | Villager (Male) |
| 8:48 | Crear | Villager (Male) |
| 9:53 | Investigar | Feudal Age |
| 11:31 | Construir | Farm |
| 11:33 | Construir | Farm |
| 11:34 | Construir | Farm |
| 11:35 | Construir | Farm |
| 11:37 | Construir | Farm |
| 11:39 | Construir | Farm |
| 11:40 | Construir | Farm |
| 11:43 | Construir | Farm |
| 12:18 | Edad | Edad Feudal |
| 12:26 | Investigar | Double-Bit Axe |
| 12:30 | Investigar | Horse Collar |
| 12:32 | Crear | Villager (Male) |
| 12:32 | Crear | Villager (Male) |
| 12:33 | Crear | Villager (Male) |
| 12:33 | Crear | Villager (Male) |
| 12:33 | Crear | Villager (Male) |
| 12:34 | Crear | Villager (Male) |
| 12:34 | Crear | Villager (Male) |
| 12:34 | Crear | Villager (Male) |
| 13:10 | Construir | Mining Camp |
| 13:14 | Crear | Villager (Male) |
| 13:14 | Crear | Villager (Male) |
| 13:14 | Crear | Villager (Male) |
| 13:22 | Investigar | Wheelbarrow |
| 14:28 | Construir | Farm |
| 14:29 | Construir | Farm |
| 14:31 | Construir | Farm |
| 14:32 | Construir | Farm |
| 14:34 | Construir | Farm |
| 14:53 | Investigar | Town Watch |
| 15:18 | Construir | Barracks |
| 16:26 | Construir | Farm |
| 16:34 | Construir | Blacksmith |
| 17:15 | Construir | Archery Range |
| 17:30 | Investigar | Stone Mining |
| 17:34 | Investigar | Gold Mining |
| 17:57 | Crear | Villager (Male) |
| 18:10 | Investigar | Castle Age |
| 18:18 | Construir | House |
| 18:18 | Construir | House |
| 18:19 | Construir | House |
| 18:19 | Construir | House |
| 18:20 | Construir | House |
| 18:20 | Construir | House |
| 18:20 | Construir | House |
| 18:20 | Construir | House |
| 18:21 | Construir | House |
| 18:21 | Construir | House |
| 18:21 | Construir | House |
| 19:02 | Investigar | Forging |
| 19:03 | Investigar | Scale Mail Armor |
| 19:03 | Investigar | Fletching |
| 19:27 | Investigar | Arson |
| 20:12 | Crear | Villager (Male) |
| 20:13 | Crear | Villager (Male) |
| 20:13 | Crear | Villager (Male) |
| 20:13 | Crear | Villager (Male) |
| 20:13 | Crear | Villager (Male) |
| 20:50 | Edad | Edad de los Castillos |
| 20:52 | Investigar | Bow Saw |
| 20:57 | Investigar | Heavy Plow |
| 21:13 | Investigar | Gold Shaft Mining |
| 21:32 | Construir | Town Center |
| 22:04 | Crear | Villager (Male) |
| 22:04 | Crear | Villager (Male) |
| 22:05 | Crear | Villager (Male) |
| 22:05 | Crear | Villager (Male) |
| 22:16 | Construir | Town Center |
| 22:31 | Construir | House |
| 22:31 | Construir | House |
| 22:32 | Construir | House |
| 22:32 | Construir | House |
| 22:32 | Construir | House |
| 22:33 | Construir | House |
| 22:33 | Construir | House |
| 22:37 | Construir | House |
| 22:37 | Construir | House |
| 22:37 | Construir | House |
| 22:37 | Construir | House |
| 22:38 | Construir | House |
| 22:38 | Construir | House |
| 22:39 | Construir | House |
| 22:39 | Construir | House |
| 22:39 | Construir | House |
| 22:39 | Construir | House |
| 22:40 | Construir | House |
| 22:40 | Construir | House |
| 22:40 | Construir | House |
| 22:41 | Construir | House |
| 22:41 | Construir | House |
| 23:03 | Crear | Villager (Male) |
| 23:03 | Crear | Villager (Male) |
| 23:04 | Crear | Villager (Male) |
| 23:05 | Crear | Villager (Male) |
| 23:05 | Crear | Villager (Male) |
| 23:05 | Crear | Villager (Male) |
| 23:06 | Crear | Villager (Male) |
| 23:15 | Construir | Farm |
| 23:39 | Crear | Villager (Male) |
| 23:40 | Crear | Villager (Male) |
| 23:40 | Crear | Villager (Male) |
| 23:40 | Crear | Villager (Male) |
| 24:03 | Construir | Farm |
| 24:32 | Construir | Castle |
| 24:39 | Investigar | Iron Casting |
| 24:51 | Construir | Farm |
| 24:53 | Construir | Farm |
| 26:19 | Crear | Villager (Male) |
| 26:19 | Crear | Villager (Male) |
| 26:19 | Crear | Villager (Male) |
| 26:20 | Crear | Villager (Male) |
| 26:20 | Crear | Villager (Male) |
| 26:20 | Crear | Villager (Male) |
Build order — LG
Primeras 150 de 614 acciones detectadas
| 0:01 | Crear | Villager (Male) |
| 0:01 | Crear | Villager (Male) |
| 0:04 | Construir | House |
| 0:08 | Construir | House |
| 0:27 | Crear | Villager (Male) |
| 0:27 | Crear | Villager (Male) |
| 1:32 | Crear | Villager (Male) |
| 2:09 | Crear | Villager (Male) |
| 2:30 | Crear | Villager (Male) |
| 2:56 | Crear | Villager (Male) |
| 3:30 | Crear | Villager (Male) |
| 3:31 | Crear | Villager (Male) |
| 3:40 | Construir | House |
| 3:42 | Construir | House |
| 3:43 | Construir | House |
| 3:45 | Construir | House |
| 4:14 | Crear | Villager (Male) |
| 4:36 | Crear | Villager (Male) |
| 4:44 | Construir | Lumber Camp |
| 4:48 | Crear | Villager (Male) |
| 4:57 | Crear | Villager (Male) |
| 5:40 | Crear | Villager (Male) |
| 6:08 | Crear | Villager (Male) |
| 6:53 | Construir | Mill |
| 6:56 | Crear | Villager (Male) |
| 6:57 | Crear | Villager (Male) |
| 6:57 | Crear | Villager (Male) |
| 7:00 | Crear | Villager (Male) |
| 7:37 | Crear | Villager (Male) |
| 8:02 | Crear | Villager (Male) |
| 8:41 | Construir | Mining Camp |
| 8:55 | Crear | Villager (Male) |
| 9:37 | Construir | Mill |
| 9:46 | Crear | Villager (Male) |
| 10:10 | Construir | Farm |
| 10:10 | Construir | Farm |
| 10:11 | Construir | Farm |
| 10:12 | Construir | Farm |
| 10:14 | Crear | Villager (Male) |
| 10:45 | Investigar | Loom |
| 11:12 | Crear | Villager (Male) |
| 11:41 | Construir | Mining Camp |
| 11:42 | Crear | Villager (Male) |
| 11:52 | Investigar | Feudal Age |
| 13:07 | Construir | Barracks |
| 13:14 | Construir | House |
| 13:17 | Construir | House |
| 14:02 | Crear | Villager (Male) |
| 14:17 | Edad | Edad Feudal |
| 14:18 | Crear | Villager (Male) |
| 14:25 | Construir | Blacksmith |
| 14:32 | Construir | Market |
| 14:40 | Crear | Villager (Male) |
| 14:47 | Construir | Stable |
| 15:03 | Crear | Villager (Male) |
| 15:25 | Construir | Farm |
| 15:25 | Construir | Farm |
| 15:26 | Construir | Farm |
| 15:26 | Construir | Farm |
| 15:27 | Construir | Farm |
| 15:28 | Construir | Farm |
| 15:31 | Investigar | Castle Age |
| 17:00 | Construir | Stable |
| 17:20 | Investigar | Horse Collar |
| 17:24 | Investigar | Double-Bit Axe |
| 18:02 | Crear | Villager (Male) |
| 18:02 | Crear | Villager (Male) |
| 18:12 | Edad | Edad de los Castillos |
| 18:15 | Construir | Town Center |
| 18:22 | Crear | Knight ×5 |
| 18:27 | Crear | Villager (Male) |
| 19:14 | Crear | Villager (Male) |
| 19:33 | Construir | Town Center |
| 19:41 | Crear | Villager (Male) |
| 19:46 | Crear | Villager (Male) |
| 19:47 | Crear | Villager (Male) |
| 19:47 | Crear | Villager (Male) |
| 20:07 | Crear | Spearman |
| 20:09 | Crear | Spearman |
| 20:10 | Crear | Spearman |
| 20:14 | Crear | Villager (Male) |
| 20:20 | Crear | Villager (Male) |
| 20:38 | Crear | Villager (Male) |
| 20:48 | Crear | Villager (Male) |
| 20:57 | Construir | Farm |
| 20:57 | Construir | Farm |
| 20:58 | Construir | Farm |
| 20:58 | Construir | Farm |
| 20:59 | Construir | Farm |
| 21:00 | Construir | Farm |
| 21:10 | Crear | Villager (Male) |
| 21:38 | Crear | Villager (Male) |
| 21:53 | Construir | House |
| 21:54 | Construir | House |
| 21:58 | Construir | House |
| 21:59 | Construir | House |
| 22:01 | Construir | House |
| 22:06 | Investigar | Wheelbarrow |
| 23:15 | Crear | Villager (Male) |
| 23:16 | Crear | Villager (Male) |
| 23:52 | Investigar | Hand Cart |
| 23:56 | Crear | Villager (Male) |
| 23:56 | Crear | Villager (Male) |
| 24:02 | Crear | Villager (Male) |
| 24:09 | Construir | Town Center |
| 24:41 | Crear | Villager (Male) |
| 24:47 | Construir | Farm |
| 24:47 | Construir | Farm |
| 24:48 | Construir | Farm |
| 24:50 | Crear | Villager (Male) |
| 24:54 | Crear | Villager (Male) |
| 24:55 | Crear | Villager (Male) |
| 24:58 | Crear | Villager (Male) |
| 25:05 | Construir | University |
| 25:09 | Crear | Villager (Male) |
| 25:11 | Crear | Villager (Male) |
| 25:43 | Crear | Villager (Male) |
| 26:22 | Crear | Villager (Male) |
| 26:23 | Crear | Villager (Male) |
| 26:29 | Construir | Farm |
| 26:31 | Crear | Villager (Male) |
| 26:32 | Crear | Villager (Male) |
| 26:36 | Crear | Villager (Male) |
| 26:37 | Crear | Villager (Male) |
| 26:38 | Crear | Villager (Male) |
| 26:40 | Crear | Villager (Male) |
| 26:47 | Crear | Villager (Male) |
| 26:48 | Crear | Villager (Male) |
| 26:48 | Crear | Villager (Male) |
| 26:48 | Crear | Villager (Male) |
| 27:14 | Crear | Villager (Male) |
| 27:35 | Construir | Castle |
| 27:39 | Construir | Farm |
| 27:40 | Construir | Farm |
| 27:40 | Construir | Farm |
| 27:40 | Construir | Farm |
| 27:41 | Construir | Farm |
| 27:41 | Construir | Farm |
| 27:41 | Construir | Farm |
| 27:42 | Construir | Farm |
| 27:45 | Crear | Villager (Male) |
| 27:46 | Crear | Villager (Male) |
| 27:46 | Crear | Villager (Male) |
| 27:50 | Crear | Villager (Male) |
| 27:51 | Crear | Villager (Male) |
| 27:51 | Crear | Villager (Male) |
| 28:12 | Crear | Villager (Male) |
| 28:16 | Construir | House |
| 28:18 | Construir | House |
| 28:19 | Construir | House |
Build order — 远方是何方
Primeras 150 de 713 acciones detectadas
| 0:08 | Construir | House |
| 0:13 | Construir | House |
| 0:15 | Construir | House |
| 0:20 | Crear | Villager (Male) |
| 0:21 | Crear | Villager (Male) |
| 0:21 | Crear | Villager (Male) |
| 0:21 | Crear | Villager (Male) |
| 0:22 | Crear | Villager (Male) |
| 1:49 | Investigar | Loom |
| 1:50 | Crear | Villager (Male) |
| 2:08 | Crear | Villager (Male) |
| 2:41 | Crear | Villager (Male) |
| 2:41 | Crear | Villager (Male) |
| 2:58 | Investigar | Loom |
| 3:22 | Crear | Villager (Male) |
| 3:28 | Construir | House |
| 3:33 | Crear | Villager (Male) |
| 4:36 | Crear | Villager (Male) |
| 4:36 | Crear | Villager (Male) |
| 4:44 | Construir | Mill |
| 5:21 | Crear | Villager (Male) |
| 5:21 | Crear | Villager (Male) |
| 6:13 | Crear | Villager (Male) |
| 6:13 | Crear | Villager (Male) |
| 6:13 | Crear | Villager (Male) |
| 6:40 | Construir | Lumber Camp |
| 7:01 | Crear | Villager (Male) |
| 7:01 | Crear | Villager (Male) |
| 7:01 | Crear | Villager (Male) |
| 7:12 | Construir | House |
| 7:19 | Crear | Villager (Male) |
| 7:20 | Crear | Villager (Male) |
| 7:20 | Crear | Villager (Male) |
| 8:23 | Crear | Villager (Male) |
| 8:23 | Crear | Villager (Male) |
| 8:35 | Construir | House |
| 8:37 | Construir | House |
| 8:43 | Crear | Villager (Male) |
| 8:43 | Crear | Villager (Male) |
| 9:24 | Construir | Barracks |
| 9:37 | Crear | Villager (Male) |
| 9:49 | Crear | Villager (Male) |
| 9:49 | Crear | Villager (Male) |
| 10:42 | Construir | Farm |
| 10:43 | Construir | Farm |
| 10:50 | Investigar | Feudal Age |
| 11:08 | Construir | Mining Camp |
| 11:19 | Construir | Farm |
| 11:21 | Construir | Farm |
| 11:31 | Construir | Lumber Camp |
| 12:04 | Construir | House |
| 12:20 | Crear | Villager (Male) |
| 12:20 | Crear | Villager (Male) |
| 13:05 | Construir | Farm |
| 13:07 | Construir | Farm |
| 13:48 | Edad | Edad Feudal |
| 14:04 | Construir | Town Center |
| 14:10 | Crear | Villager (Male) |
| 14:10 | Crear | Villager (Male) |
| 14:14 | Investigar | Double-Bit Axe |
| 14:17 | Investigar | Horse Collar |
| 14:23 | Crear | Villager (Male) |
| 14:24 | Crear | Villager (Male) |
| 14:57 | Construir | Archery Range |
| 15:07 | Construir | Stable |
| 15:17 | Crear | Villager (Male) |
| 15:17 | Crear | Villager (Male) |
| 16:05 | Construir | Blacksmith |
| 16:26 | Construir | Farm |
| 16:29 | Construir | Farm |
| 16:30 | Construir | Farm |
| 16:32 | Construir | Farm |
| 16:33 | Construir | Farm |
| 16:38 | Crear | Villager (Male) |
| 16:38 | Crear | Villager (Male) |
| 16:46 | Crear | Villager (Male) |
| 16:46 | Crear | Villager (Male) |
| 16:46 | Crear | Villager (Male) |
| 17:11 | Construir | Mining Camp |
| 17:17 | Crear | Villager (Male) |
| 17:17 | Crear | Villager (Male) |
| 17:25 | Crear | Villager (Male) |
| 17:25 | Crear | Villager (Male) |
| 17:39 | Construir | Farm |
| 17:42 | Construir | Farm |
| 17:45 | Construir | Farm |
| 18:10 | Construir | Market |
| 18:18 | Construir | Stable |
| 18:23 | Crear | Villager (Male) |
| 18:23 | Crear | Villager (Male) |
| 18:26 | Crear | Villager (Male) |
| 18:27 | Crear | Villager (Male) |
| 18:27 | Crear | Villager (Male) |
| 18:27 | Crear | Villager (Male) |
| 18:47 | Construir | Farm |
| 18:51 | Construir | Farm |
| 18:55 | Crear | Villager (Male) |
| 18:55 | Crear | Villager (Male) |
| 19:00 | Investigar | Stone Mining |
| 19:16 | Crear | Villager (Male) |
| 19:16 | Crear | Villager (Male) |
| 19:25 | Construir | Farm |
| 19:27 | Construir | Farm |
| 19:29 | Construir | Farm |
| 19:43 | Construir | Farm |
| 19:57 | Investigar | Wheelbarrow |
| 20:07 | Construir | House |
| 20:09 | Construir | House |
| 20:11 | Construir | House |
| 20:13 | Construir | House |
| 21:09 | Construir | Archery Range |
| 21:28 | Construir | House |
| 21:31 | Construir | House |
| 21:42 | Investigar | Castle Age |
| 21:46 | Crear | Villager (Male) |
| 21:46 | Crear | Villager (Male) |
| 21:47 | Crear | Villager (Male) |
| 21:51 | Investigar | Forging |
| 22:00 | Investigar | Bloodlines |
| 22:18 | Construir | Farm |
| 22:21 | Construir | Farm |
| 22:24 | Construir | Farm |
| 22:30 | Crear | Villager (Male) |
| 22:30 | Crear | Villager (Male) |
| 22:31 | Crear | Villager (Male) |
| 22:45 | Construir | Farm |
| 22:46 | Construir | Farm |
| 22:47 | Construir | Farm |
| 22:53 | Crear | Villager (Male) |
| 22:54 | Crear | Villager (Male) |
| 23:20 | Crear | Villager (Male) |
| 23:20 | Crear | Villager (Male) |
| 23:26 | Investigar | Scale Barding Armor |
| 23:27 | Investigar | Fletching |
| 23:43 | Construir | Stable |
| 23:46 | Construir | Stable |
| 24:22 | Edad | Edad de los Castillos |
| 24:43 | Construir | Town Center |
| 24:54 | Construir | Town Center |
| 24:58 | Crear | Villager (Male) |
| 24:59 | Crear | Villager (Male) |
| 25:03 | Crear | Villager (Male) |
| 25:04 | Crear | Villager (Male) |
| 25:04 | Crear | Villager (Male) |
| 25:21 | Construir | Castle |
| 25:27 | Construir | House |
| 25:28 | Construir | House |
| 25:29 | Construir | House |
| 25:30 | Construir | House |
| 25:32 | Construir | House |
Build order — linnan0123
Primeras 150 de 387 acciones detectadas
| 0:04 | Investigar | Loom |
| 0:27 | Crear | Villager (Male) |
| 0:27 | Crear | Villager (Male) |
| 0:28 | Crear | Villager (Male) |
| 0:28 | Crear | Villager (Male) |
| 1:53 | Crear | Villager (Male) |
| 2:18 | Construir | Mill |
| 3:01 | Crear | Villager (Male) |
| 3:02 | Crear | Villager (Male) |
| 3:02 | Crear | Villager (Male) |
| 3:02 | Crear | Villager (Male) |
| 4:18 | Crear | Villager (Male) |
| 4:18 | Crear | Villager (Male) |
| 4:53 | Crear | Villager (Male) |
| 5:19 | Crear | Villager (Male) |
| 5:19 | Crear | Villager (Male) |
| 5:54 | Crear | Villager (Male) |
| 6:42 | Crear | Villager (Male) |
| 6:43 | Crear | Villager (Male) |
| 6:44 | Crear | Villager (Male) |
| 6:44 | Crear | Villager (Male) |
| 7:49 | Crear | Villager (Male) |
| 7:50 | Crear | Villager (Male) |
| 8:04 | Crear | Villager (Male) |
| 8:42 | Construir | Mining Camp |
| 9:56 | Construir | Lumber Camp |
| 10:07 | Construir | Mining Camp |
| 10:10 | Crear | Villager (Male) |
| 10:10 | Crear | Villager (Male) |
| 10:10 | Crear | Villager (Male) |
| 10:11 | Crear | Villager (Male) |
| 11:59 | Investigar | Feudal Age |
| 13:50 | Construir | Farm |
| 13:52 | Construir | Farm |
| 13:54 | Construir | Farm |
| 13:57 | Construir | Farm |
| 13:59 | Construir | Farm |
| 14:03 | Construir | Farm |
| 14:05 | Construir | Farm |
| 14:09 | Edad | Edad Feudal |
| 14:16 | Investigar | Wheelbarrow |
| 14:23 | Investigar | Double-Bit Axe |
| 14:27 | Investigar | Horse Collar |
| 14:35 | Construir | Barracks |
| 14:39 | Investigar | Town Watch |
| 14:43 | Crear | Villager (Male) |
| 14:43 | Crear | Villager (Male) |
| 14:43 | Crear | Villager (Male) |
| 14:44 | Crear | Villager (Male) |
| 14:55 | Construir | Farm |
| 15:34 | Construir | Stable |
| 16:06 | Crear | Villager (Male) |
| 16:06 | Crear | Villager (Male) |
| 16:07 | Crear | Villager (Male) |
| 16:25 | Construir | Blacksmith |
| 16:38 | Construir | Farm |
| 16:53 | Construir | Farm |
| 17:12 | Crear | Villager (Male) |
| 17:19 | Construir | Farm |
| 17:48 | Construir | Farm |
| 17:57 | Crear | Villager (Male) |
| 17:58 | Crear | Villager (Male) |
| 18:13 | Construir | Farm |
| 18:36 | Construir | Farm |
| 18:46 | Crear | Villager (Male) |
| 18:47 | Crear | Villager (Male) |
| 19:03 | Construir | Farm |
| 19:17 | Construir | Lumber Camp |
| 19:26 | Construir | Farm |
| 19:55 | Construir | Farm |
| 19:57 | Crear | Villager (Male) |
| 19:58 | Crear | Villager (Male) |
| 20:15 | Investigar | Gold Mining |
| 20:19 | Investigar | Stone Mining |
| 20:27 | Construir | Farm |
| 20:43 | Construir | Farm |
| 21:07 | Construir | Farm |
| 21:21 | Investigar | Castle Age |
| 21:40 | Construir | Stable |
| 22:51 | Construir | Archery Range |
| 23:16 | Investigar | Bloodlines |
| 23:21 | Investigar | Forging |
| 24:01 | Edad | Edad de los Castillos |
| 24:04 | Construir | Archery Range |
| 24:09 | Investigar | Hand Cart |
| 24:14 | Investigar | Bow Saw |
| 24:17 | Crear | Knight |
| 24:18 | Crear | Knight |
| 24:18 | Crear | Knight |
| 24:19 | Crear | Knight |
| 24:20 | Crear | Knight |
| 24:20 | Crear | Knight |
| 24:34 | Construir | Town Center |
| 24:58 | Construir | Town Center |
| 25:07 | Crear | Villager (Male) |
| 25:08 | Crear | Villager (Male) |
| 25:08 | Crear | Villager (Male) |
| 25:08 | Crear | Villager (Male) |
| 25:09 | Crear | Villager (Male) |
| 25:50 | Investigar | Heavy Plow |
| 26:18 | Construir | Castle |
| 26:27 | Crear | Villager (Male) |
| 26:28 | Crear | Villager (Male) |
| 26:28 | Crear | Villager (Male) |
| 26:28 | Crear | Villager (Male) |
| 26:29 | Crear | Villager (Male) |
| 26:37 | Crear | Villager (Male) |
| 26:37 | Crear | Villager (Male) |
| 26:37 | Crear | Villager (Male) |
| 26:38 | Crear | Villager (Male) |
| 27:04 | Investigar | Gold Shaft Mining |
| 27:08 | Investigar | Iron Casting |
| 27:37 | Investigar | Scale Barding Armor |
| 27:40 | Crear | Villager (Male) |
| 27:40 | Crear | Villager (Male) |
| 27:41 | Crear | Villager (Male) |
| 27:41 | Crear | Villager (Male) |
| 29:26 | Investigar | Thumb Ring |
| 29:32 | Crear | Cavalry Archer |
| 29:33 | Crear | Cavalry Archer |
| 29:33 | Crear | Cavalry Archer |
| 29:33 | Crear | Cavalry Archer |
| 29:34 | Crear | Cavalry Archer |
| 29:40 | Crear | Knight |
| 29:40 | Crear | Knight |
| 29:41 | Crear | Knight |
| 29:41 | Crear | Knight |
| 29:56 | Investigar | Imperial Age |
| 30:00 | Crear | Villager (Male) |
| 30:00 | Crear | Villager (Male) |
| 30:00 | Crear | Villager (Male) |
| 30:12 | Crear | Skirmisher |
| 30:13 | Crear | Skirmisher |
| 30:46 | Construir | Town Center |
| 30:56 | Crear | Villager (Male) |
| 30:56 | Crear | Villager (Male) |
| 30:57 | Crear | Villager (Male) |
| 30:57 | Crear | Villager (Male) |
| 31:08 | Investigar | Fletching |
| 31:26 | Crear | Skirmisher |
| 31:27 | Crear | Skirmisher |
| 31:28 | Crear | Skirmisher |
| 31:29 | Crear | Skirmisher |
| 31:31 | Crear | Villager (Male) |
| 31:31 | Crear | Villager (Male) |
| 31:55 | Construir | Castle |
| 32:08 | Construir | Farm |
| 32:17 | Crear | Villager (Male) |
| 32:18 | Crear | Villager (Male) |
| 32:34 | Crear | Villager (Male) |
Cronología de la partida
| 7:24 | 老歪 · first_building Barracks |
| 8:52 | Source Code · first_building Barracks |
| 8:55 | 张小邪 · first_building Barracks |
| 9:24 | 远方是何方 · first_building Barracks |
| 10:02 | LQuan · first_building Barracks |
| 11:15 | 老歪 · age_up feudal |
| 11:41 | LQuan · age_up feudal |
| 12:18 | 小马哥 · age_up feudal |
| 12:21 | 张小邪 · age_up feudal |
| 13:07 | LG · first_building Barracks |
| 13:22 | Source Code · age_up feudal |
| 13:48 | 远方是何方 · age_up feudal |
| 14:09 | linnan0123 · age_up feudal |
| 14:17 | Source Code · first_building Archery Range |
| 14:17 | LG · age_up feudal |
| 14:35 | linnan0123 · first_building Barracks |
| 14:47 | LG · first_building Stable |
| 14:57 | 远方是何方 · first_building Archery Range |
| 15:07 | 远方是何方 · first_building Stable |
| 15:18 | 小马哥 · first_building Barracks |
| 15:34 | linnan0123 · first_building Stable |
| 16:37 | 张小邪 · first_building Archery Range |
| 16:54 | 张小邪 · first_market_sell 100 wood |
| 17:15 | 小马哥 · first_building Archery Range |
| 17:27 | LQuan · first_market_buy 100 food |
| 18:12 | LG · age_up castle |
| 20:12 | LQuan · age_up castle |
| 20:17 | 张小邪 · age_up castle |
| 20:50 | 小马哥 · age_up castle |
| 20:56 | 张小邪 · first_building Castle |
| 21:10 | Source Code · age_up castle |
| 21:32 | 老歪 · age_up castle |
| 21:32 | Source Code · first_building Castle |
| 21:33 | 张小邪 · first_building Monastery |
| 22:51 | linnan0123 · first_building Archery Range |
| 23:15 | 老歪 · wall_segment Palisade Wall x13 |
| 23:44 | LQuan · first_building Castle |
| 24:01 | linnan0123 · age_up castle |
| 24:22 | 远方是何方 · age_up castle |
| 24:32 | 小马哥 · first_building Castle |
| 25:21 | 远方是何方 · first_building Castle |
| 25:23 | LQuan · first_building Stable |
| 26:18 | linnan0123 · first_building Castle |
| 26:57 | 老歪 · first_market_buy 100 food |
| 27:15 | 远方是何方 · first_building Monastery |
| 27:19 | 老歪 · first_building Monastery |
| 27:35 | LG · first_building Castle |
| 27:40 | 老歪 · first_building Castle |
| 28:09 | LQuan · first_building Siege Workshop |
| 29:08 | 小马哥 · first_building Monastery |
| 30:01 | LQuan · first_building Monastery |
| 31:47 | 老歪 · first_building Archery Range |
| 33:03 | LG · first_market_buy 100 stone |
| 33:06 | linnan0123 · age_up imperial |
| 33:59 | 远方是何方 · age_up imperial |
| 35:04 | 老歪 · age_up imperial |
| 35:16 | 张小邪 · age_up imperial |
| 35:28 | 老歪 · wall_segment Palisade Wall x9 |
| 35:31 | LG · age_up imperial |
| 35:51 | Source Code · age_up imperial |
| 39:17 | LG · first_market_sell 500 food |
| 41:12 | 小马哥 · age_up imperial |
| 42:07 | LG · first_building Archery Range |
| 43:35 | LQuan · age_up imperial |
| 46:09 | Source Code · first_building Monastery |
| 49:01 | LQuan · first_market_sell 100 food |
| 52:20 | 老歪 · first_building Siege Workshop |
| 53:16 | 张小邪 · tribute_sent a jugador 1 |
| 53:16 | 张小邪 · tribute_sent a jugador 3 |
| 53:16 | 张小邪 · tribute_sent a jugador 4 |
| 53:16 | 张小邪 · tribute_sent a jugador 5 |
| 53:16 | 张小邪 · tribute_sent a jugador 6 |
| 53:16 | 张小邪 · tribute_sent a jugador 7 |
| 53:16 | 张小邪 · tribute_sent a jugador 8 |
| 53:38 | Source Code · first_market_sell 100 food |
| 59:11 | LQuan · first_building Archery Range |
| 62:55 | LG · tribute_sent a jugador 1 |
| 62:55 | LG · tribute_sent a jugador 2 |
| 62:55 | LG · tribute_sent a jugador 3 |
| 62:55 | LG · tribute_sent a jugador 4 |
| 62:55 | LG · tribute_sent a jugador 6 |
| 62:55 | LG · tribute_sent a jugador 7 |
| 62:55 | LG · tribute_sent a jugador 8 |
| 66:20 | 张小邪 · resign |
| 66:28 | LG · tribute_sent a jugador 1 |
| 66:28 | LG · tribute_sent a jugador 2 |
| 66:28 | LG · tribute_sent a jugador 3 |
| 66:28 | LG · tribute_sent a jugador 4 |
| 66:28 | LG · tribute_sent a jugador 6 |
| 66:28 | LG · tribute_sent a jugador 7 |
| 66:28 | LG · tribute_sent a jugador 8 |
[ ANÁLISIS IA · 1 CRÉDITO ]
¿Qué pasó realmente en esta partida?
Wolo.gg analiza cada decisión: build order, eco, micro, errores típicos por bracket. Análisis personalizado por WhatsApp o Discord en 30 segundos.
Guía civ
Coreanos
Perfil
Jugador #24940409